← All builds
Front / Armada / Economy first / OBSERVED BUILD

Shellshocker artillery

Front rushes Shellshocker artillery from the Vehicle Plant by 3:09, well earlier than the norm, using it with Janus to shell the middle before transitioning into the usual Blitz-led army.

Usually 2 mex, then lab (69%)

#artillery #rush · 16 distinct matches · 9 players · 1% of Armada Front games · team won 63% of 16 · Recently observed

THE CATCH, AND WHAT COMES WITH IT
  • ShellshockerT1 vehicle artillery from 3:09 · 10% of role by thenFrom the Vehicle Plant. Only 10% of Front games have it by then; others who build it get it around 3:33
  • ShellshockerArty in 56%4% of all Front games by then
  • JanusJanus in 50%9% of all Front games by then

Where those units first fight, in 16 games with kill data: in the middle 100%.

Those units destroy a typical 1,143 metal of enemy units by 15:00.

Then transitions into blitz (30% of army), janus (12% of army), Rattlesnake (12% of army).

HOW TO PLAY IT

Key timing: Shellshocker out by 3:16

  1. Open into Vehicle Plant immediately instead of the bot-based norm.
  2. Field Shellshocker light arty ahead of schedule to soften middle.
  3. Add Janus rocket support alongside the arty line.
  4. Bring Advanced Metal Extractor online to sustain the push.
  5. Transition the army toward Blitz as the main force.

Phase by phase

TYPICAL OF ITS 16 GAMES · AGAINST STANDARD FRONT
  1. 1
  2. 2
  3. 3
  4. 4
PLAY THE OPENING

Follow the example game's first 6:00 step by step: what to build now, what comes next, and where it goes. At 1× it keeps pace with your own game.

  1. 1

    Up to the Vehicle Plant

    Economy
    • Metal Extractor2Mex
    Order
    1. Vehicle PlantVehicle Plant after 2 mexdone ~0:42, middle half 0:40–0:43

    Some games also: wind (44%)

    By 0:23 in all: 2 mex

    The example game in this phase · 3 steps
    1. Mex ×2
    2. Wind
    3. Vehicle PlantVehicle Plantdone 0:42 · typical 0:42
  2. 2

    Vehicle Plant to T1 vehicle artillery

    Economy
    • Metal Extractor3Mex
    • Wind Turbine2Wind
    Order
    1. ShellshockerT1 vehicle artillery after 6 mex, 2 wind
    Builders
    • Construction Vehicle3 Con vehicle
    Army
    • Rover4 Scout +3 vs standard
    • Janus3 Janus

    Some games also: Sentry (31%)

    By 3:02 in all: 6 mex · 2 wind

    The example game in this phase · 9 steps
    1. RoverScout
    2. Wind
    3. RoverScout ×3
    4. RoverScoutfor Geo
    5. Construction VehicleCon vehicle ×2
    6. Mex
    7. JanusJanus
    8. Mex
    9. ShellshockerArtydone 2:01
  3. 3

    T1 vehicle artillery to 5:00

    Army
    • Sentry1 Sentry
    • Shellshocker8 Arty +8 vs standard
    Other
    • Dragon's Teeth1 Dragon's Teeth

    Some games also: mex (50%) · wind (38%) · con vehicle (38%) · janus (31%)

    The standard build makes here, this one skips: 2 wind

    By 5:00 in all: 6 mex · 4 wind

    The example game in this phase · 14 steps
    1. ShellshockerArty ×2
    2. Mex
    3. JanusJanus
    4. ShellshockerArty
    5. Mex
    6. SentrySentry
    7. ShellshockerArty ×2
    8. JanusJanus
    9. ShellshockerArty
    10. RoverScout ×5
    11. ShellshockerArty ×2
    12. JanusJanus
    13. Mex
    14. ShellshockerArty
  4. 4

    5:00 to 10:00

    Economy
    • Wind Turbine22Wind
    Builders
    • Construction Turret2 Con turret
    • Construction Vehicle2 Con vehicle +2 vs standard
    Army
    • Sentry2 Sentry
    • Blitz14 Blitz +10 vs standard
    • Shellshocker6 Arty +6 vs standard
    • Janus1 Janus

    Some games also: energy storage (44%) · mex (38%) · Radar Tower (31%) · Dragon's Teeth (31%)

    By 10:00 in all: 7 mex · 29 wind · 2 con turret

    The example game in this phase · 94 steps
    1. ShellshockerArty ×2
    2. Mex
    3. JanusJanus
    4. Mex
    5. ShellshockerArty ×3
    6. BlitzBlitz
    7. JanusJanus
    8. Construction VehicleCon vehicle
    9. Mex
    10. Advanced Metal ExtractorT2 mexdone 9:36 · typical 9:14
    11. JanusJanus
    12. Wind
    13. Construction VehicleCon vehicle
    14. Wind
    15. Construction VehicleCon vehicle
    16. Wind ×2
    17. BlitzBlitz
    18. Wind
    19. BlitzBlitz
    20. Wind
    21. Construction VehicleCon vehicle
    22. Wind ×2
    23. Advanced Metal ExtractorT2 mex
    24. Construction VehicleCon vehicle
    25. Wind ×2
    26. Construction VehicleCon vehicle
    27. Wind ×4
    28. BlitzBlitz
    29. Advanced Metal ExtractorT2 mex
    30. Wind
    31. BlitzBlitz
    32. Wind
    33. BlitzBlitz
    34. Wind ×2
    35. BlitzBlitz
    36. Wind
    37. BlitzBlitz
    38. Wind
    39. BlitzBlitz
    40. Wind ×2
    41. Advanced Metal ExtractorT2 mex
    42. BlitzBlitz
    43. Wind
    44. Energy storage
    45. Construction VehicleCon vehicle
    46. Wind ×3
    47. Construction VehicleCon vehicle
    48. Wind ×2
    49. Construction VehicleCon vehicle
    50. Wind
    51. Converter
    52. Wind
    53. Converter
    54. Wind
    55. BlitzBlitz
    56. Advanced Metal ExtractorT2 mex
    57. Converter
    58. BlitzBlitz
    59. Wind
    60. BlitzBlitz
    61. Advanced Metal ExtractorT2 mex
    62. Wind
    63. Converter
    64. Construction VehicleCon vehicle
    65. Wind
    66. Converter
    67. Construction VehicleCon vehicle
    68. Converter
    69. Wind ×2
    70. Converter
    71. Construction VehicleCon vehicle
    72. Pit BullPit Bull
    73. Wind
    74. Converter
    75. BlitzBlitz
    76. Wind
    77. BlitzBlitz
    78. Converter
    79. BlitzBlitz
    80. Wind
    81. BlitzBlitz
    82. Wind
    83. BlitzBlitz
    84. Converter
    85. Wind
    86. BlitzBlitz
    87. Converter
    88. BlitzBlitz
    89. Wind ×2
    90. Pit BullPit Bull
    91. BlitzBlitz
    92. Converter
    93. Wind ×2
    94. BlitzBlitz

Counts are medians over the build's games: half of them build more, half fewer. The example game is Optimusprimenutt's (39 OS, 06/08/2026); pick another.

Team trades

IN AT LEAST 30% OF ITS GAMES

You hand over

Nothing regular.

You get

  • Tidal Generator4 Tidal from Pondfirst at 0:19 · in 75% of games
  • Advanced Construction Bot1 T2 con bot from Geo or Techfirst at 7:39 · in 75% of games

How it plays out

Typical game of this build against the role’s standard build, running totals by minute

  • This build
  • Standard front

Metal produced

010k20k30k
0:005:0010:0015:00

metal

Enemy metal destroyed

05k10k
0:005:0010:0015:00

metal

Own metal lost

05k10k
0:005:0010:0015:00

metal

16 games.

Show as table
ByMetal produced: This buildMetal produced: Standard frontEnemy metal destroyed: This buildEnemy metal destroyed: Standard frontOwn metal lost: This buildOwn metal lost: Standard front
1:003263330000
2:008058460213131
3:001568162414414093105
4:0026722712417540259333
5:00384138689861188734813
6:0050685076154320999901526
7:00596563141914298419412459
8:00689976622775387131073365
9:00824390873626463239074312
10:009939106664578530846955060
11:0011814126085382581958615701
12:0013358148155571631367856521
13:0015462174406267698176217256
14:0017853201836976758484578093
15:0020908226307944839494418939
WHAT THE NUMBERS SAY

Won slightly more often than the standard build while losing a bit less metal across all checkpoints shown.

  • + Won 67% vs 61% for the standard build.
  • + Lost less own metal at every checkpoint (e.g. 8803 vs 8949 by 15:00).
  • − Destroyed slightly less enemy metal than standard by 15:00 (7830 vs 8347).
THE EXAMPLE YOU ARE READING

Optimusprimenutt

39.1 OS · 06/08/2026

Open source match ↗

36 received units · includes a constructor
149 metal received · 19846 energy received

Allied construction assistance is unknown. Timings are observations, not a promise of solo reproducibility.

Typical milestones

Vehicle Plant0:42Middle 50%: 0:40–0:43 · n=16
Advanced Metal Extractor9:14Middle 50%: 7:57–9:54 · n=12

Played most by

Optimusprimenutt5games of this buildPRO_Rerory3games of this build[BS]Hellzie2games of this buildAcqua1game of this buildDRM1game of this build